 Dungeon Crawl Stone Soup version 0.30-b1-2-g02819fbbbe (webtiles) character file.

Game seed: 9098514527592388456

1379 LLlMATKO the Chopper (level 8, -1/106 HPs)
             Began as a Minotaur Berserker on Sept 24, 2023.
             Was an Elder of Trog.
             Slain by Duvessa
             ... wielding a +0 short sword
              (8 damage)
             ... on level 5 of the Dungeon.
             The game lasted 00:04:06 (4913 turns).

LLlMATKO the Chopper (Minotaur Berserker)           Turns: 4913, Time: 00:04:07

Health: -1/106     AC: 12    Str: 25    XL:     8   Next: 39%
Magic:  7/7        EV: 10    Int:  4    God:    Trog [****..]
Gold:   283        SH:  0    Dex:  9    Spells: 7/7 levels left

rFire   . . .        v - +0 battleaxe
rCold   . . .        (shield currently unavailable)
rNeg    . . .        u - +0 chain mail
rPois   .            (helmet restricted)
rElec   .            p - +0 cloak
rCorr   +            (no gloves)
SInv    .            k - +0 pair of boots
Will    .....        (no amulet) Stlth
                     c - ring of resist corrosion
HPRegen 0.37/turn    (no ring)
MPRegen 0.10/turn

%: no passive effects
@: berserking, lethally poisoned (-1 -> -9), very quick
A: horns 2, retaliatory headbutt
a: Renounce Religion, Berserk, Trog's Hand, Brothers in Arms


You were on level 5 of the Dungeon.
You worshipped Trog.
Trog was greatly pleased with you.
You visited 1 branch of the dungeon, and saw 5 of its levels.

You collected 283 gold pieces.

Inventory:

Hand Weapons
 a - a +0 hand axe
 j - a +0 scythe of protection
 v - a +0 battleaxe (weapon)
Missiles
 z - 3 poisoned darts (quivered)
Armour
 k - a +0 pair of boots (worn)
 p - a +0 cloak (worn)
 u - a +0 chain mail (worn)
Jewellery
 c - a ring of resist corrosion (left hand)
 n - a ring of ice
Wands
 s - a wand of iceblast (8)
 A - a wand of paralysis (8)
Scrolls
 b - 2 scrolls of enchant weapon {unknown}
 d - a scroll of immolation {unknown}
 e - 2 scrolls of silence {unknown}
 i - a scroll of vulnerability {unknown}
 l - 2 scrolls of teleportation {unknown}
 m - 8 scrolls of identify {unknown}
 r - a scroll of fear {unknown}
 w - a scroll of brand weapon {unknown}
 x - a scroll of noise {unknown}
 y - a scroll of blinking {unknown}
Potions
 f - a potion of ambrosia {unknown}
 g - 3 potions of might {unknown}
 h - 3 potions of degeneration {unknown}
 o - 3 potions of brilliance {unknown}
 q - 2 potions of curing {unknown}
 t - 2 potions of lignification {unknown}
 B - 2 potions of flight {unknown}


   Skills:
 + Level 6.8 Fighting
 + Level 6.8 Axes
 + Level 6.3 Armour
 + Level 5.7 Dodging
 + Level 3.9 Shields


You had 7 spell levels left.
You didn't know any spells.
Your spell library was empty.

Dungeon Overview and Level Annotations

Branches:
Dungeon (5/15)             Temple (0/1) D:5

Altars:
Elyvilon
Xom

Annotations:
D:5 Duvessa


Innate Abilities, Weirdness & Mutations

You have a pair of horns on your head.
You reflexively headbutt those who attack you in melee.


Message History

You feel very sick. The killer bee stings you!
* * * LOW HITPOINT WARNING * * *
Duvessa hits you with a +0 short sword.
* * * LOW HITPOINT WARNING * * *
Duvessa hits you with a +0 short sword.
* * * LOW HITPOINT WARNING * * *
The killer bee stings you but does no damage.
Unknown command.
Unknown command.
You slice Duvessa!!
Duvessa is severely wounded.
You miss the killer bee.
* * * LOW HITPOINT WARNING * * *
You feel very sick.
The killer bee stings you but does no damage.
Duvessa hits you but does no damage.
Unknown command.
Unknown command.
You closely miss Duvessa.
Duvessa is severely wounded.
You barely miss the killer bee.
* * * LOW HITPOINT WARNING * * *
You feel sick.
The killer bee stings you but does no damage.
Dowan says, "Stay away from my face!"
Duvessa hits you but does no damage. The killer bee barely misses you.
Unknown command.
Unknown command.
You slice Dowan!!
You kill Dowan!
Trog accepts your kill.
Trog appreciates your killing of a magic user.
You can now call in reinforcements.
Duvessa weeps, and shakes her weapon.
Duvessa goes berserk!
You miss the killer bee. You closely miss Duvessa.
* * * LOW HITPOINT WARNING * * *
You feel very sick. The killer bee misses you.
Duvessa hits you with a +0 short sword!
You die... ♣~~≈≈~ . #.# ♣~~~~~ #. #.# ♣~~~~~ ##'# #.# #♣PP~PP

#...# #.# #~~~~~~ .....#
##.####♣~~~~~ ......#
##.....##P~~PP
......y####...##.#####~~
......e@...............~
......)####...##.######.
......# ##<###.# #.
.....# ### #.# ## #...#
#.# ##'# ..# #. ### #


You could see Duvessa (berserk, fast, resistant) and a killer bee.

Vanquished Creatures
  Sigmund (D:2)
  Eustachio (D:4)
  Edmund (D:4)
  2 black bears (D:4)
  An ogre (D:5)
  A phantom (D:5)
  A scorpion (D:4)
  Dowan (D:5)
  5 killer bees (D:5)
  Crazy Yiuf (D:4)
  A hound (D:4)
  An iguana (D:4)
  Natasha (thrice) (D:2)
  Robin (D:2)
  9 adders
  An ufetubus (D:4)
  2 worms
  A dart slug (D:2)
  5 orcs
  14 endoplasms
  2 giant cockroaches
  14 goblins
  13 hobgoblins
  4 quokkas
  3 ball pythons
  4 bats
  6 frilled lizards
  6 kobolds
  8 rats
  3 bushes (D:4)
116 creatures vanquished.

Vanquished Creatures (others)
  3 fungi (D:4)
  2 plants (D:5)
5 creatures vanquished.

Grand Total: 121 creatures vanquished

Notes
Turn   | Place    | Note
-------+----------+-------------------------------------------
     0 | D:1      | LLlMATKO the Minotaur Berserker began the quest for the
                  | Orb.
     0 | D:1      | Reached XP level 1. HP: 19/19 MP: 0/0
    90 | D:1      | Found a faded altar of an unknown god.
   103 | D:1      | Reached XP level 2. HP: 27/27 MP: 1/1
   360 | D:1      | Reached ** piety under Trog
   446 | D:1      | Reached XP level 3. HP: 32/33 MP: 2/2
   658 | D:2      | Noticed Robin
   676 | D:2      | Killed Robin
   776 | D:2      | Noticed Sigmund
   786 | D:2      | Killed Sigmund
   787 | D:2      | Reached XP level 4. HP: 31/41 MP: 3/3
   787 | D:2      | Reached XP level 5. HP: 36/47 MP: 4/4
   884 | D:2      | Reached skill level 5 in Fighting
  1066 | D:2      | Noticed Natasha
  1073 | D:2      | Killed Natasha
  1074 | D:2      | Reached skill level 5 in Axes
  1325 | D:2      | Reached XP level 6. HP: 56/56 MP: 5/5
  1540 | D:2      | Noticed Natasha
  1549 | D:2      | Killed Natasha
  1549 | D:2      | Reached *** piety under Trog
  1813 | D:2      | Noticed Natasha
  1821 | D:2      | Killed Natasha
  2863 | D:3      | Found a white marble altar of Elyvilon.
  3236 | D:4      | Reached skill level 1 in Shields
  3249 | D:4      | Noticed Eustachio
  3282 | D:4      | Killed Eustachio
  3283 | D:4      | Reached skill level 5 in Armour
  3283 | D:4      | Reached XP level 7. HP: 62/62 MP: 6/6
  3786 | D:4      | Noticed Edmund
  3788 | D:4      | Reached skill level 5 in Dodging
  3792 | D:4      | Killed Edmund
  4139 | D:4      | Found a runed translucent door.
  4140 | D:4      | Noticed Crazy Yiuf
  4145 | D:4      | Killed Crazy Yiuf
  4289 | D:5      | Entered Level 5 of the Dungeon
  4328 | D:5      | Reached XP level 8. HP: 63/71 MP: 7/7
  4378 | D:5      | Found a shimmering altar of Xom.
  4388 | D:5      | Noticed Dowan
  4661 | D:5      | Found a staircase to the Ecumenical Temple.
  4901 | D:5      | Noticed Duvessa
  4913 | D:5      | Killed Dowan
  4913 | D:5      | Reached **** piety under Trog
  4913 | D:5      | Slain by Duvessa

Illustrated notes

Levels and vault maps discovered:
D:1:      saegor_arrival_under_anarchy, layout_rooms,
          shapermc_ecumenical_altar_starsandcircs
D:2:      layout_basic, grunt_decor_mini_mirrors, grunt_ministairs_12,
          st_stairs_12, uniq_sigmund, uniq_natasha, uniq_robin
D:3:      layout_rooms, mainiacjoe_overflow_alcove_4, grunt_ministairs_3
D:4:      layout_loops_ring, serial_glass, glass_columns_a, glass_columns_a,
          glass_columns_b, glass_columns_b, minmay_hedge_maze, minivault_5,
          uniq_crazy_yiuf_cottage, uniq_eustachio, uniq_edmund
D:5:      cheibrodos_fzero, layout_loops_corners,
          nicolae_overflow_hidden_temple, minmay_temple_entry_gardened_gates,
          serial_bayou_ford_a, grunt_decor_one_mirror,
          kennysheep_generic_room_10, uniq_duvessa

Skill      XL: |  1  2  3  4  5  6  7  8 |
---------------+-------------------------+-----
Fighting       | 4 5 6 |  6.8
Axes           | 4 5 6 |  6.8
Armour         | 3 4 5 6 |  6.3
Dodging        | 3 4 5 |  5.7
Shields        | 1 3 |  3.9

Action                     |  1- 3 |  4- 6 |  7- 9 || total
---------------------------+-------+-------+-------++-------
  Melee: Hand axe          |    73 |    96 |       ||   169
         Headbutt          |     7 |    36 |    11 ||    54
         Punch             |     1 |     3 |       ||     4
         Battleaxe         |       |    59 |    54 ||   113
 Invoke: Berserk           |     2 |     1 |     3 ||     6
 Armour: Animal skin       |     4 |       |       ||     4
         Ring mail         |    18 |    26 |       ||    44
         Chain mail        |       |    15 |    44 ||    59
  Dodge: Dodged            |    50 |    67 |    40 ||   157
